 Dungeon Crawl Stone Soup version 0.26.1-11-gd32895ea62 (webtiles) character file.

Game seed: 14898049814222826308

365 bigdumb the Shield-Bearer (level 7, 0/53 HPs)
             Began as a Human Fighter on July 8, 2021.
             Hit by a boomerang thrown by an orc (3 damage)
             ... on level 4 of the Dungeon.
             The game lasted 00:05:28 (4588 turns).

bigdumb the Shield-Bearer (Human Fighter)           Turns: 4588, Time: 00:05:29

Health: 0/53       AC:  8    Str: 19    XL:     7   Next: 0%
Magic:  7/7        EV:  8    Int:  8    God:
Gold:   187        SH:  9    Dex: 12    Spells: 6/6 levels left

rFire    + . .     SeeInvis .   a - +1 flail
rCold    x . .     Faith    .   c - +0 kite shield
rNeg     . . .     Spirit   .   b - +0 scale mail
rPois    .         Reflect  .   (no helmet)
rElec    .         Harm     .   (no cloak)
rCorr    .         Rampage  .   k - +0 pair of gloves
Will     .....                  (no boots)
Stlth    ..........             (no amulet)
HPRegen  0.17/turn              n - ring of fire
MPRegen  0.10/turn              (no ring)

@: no status effects
A: no striking features
a: no special abilities


You were on level 4 of the Dungeon.
You visited 1 branch of the dungeon, and saw 4 of its levels.

You collected 187 gold pieces.

Inventory:

Hand Weapons
 a - a +1 flail (weapon)
 i - a +0 whip
Armour
 b - a +0 scale mail (worn)
 c - a +0 kite shield (worn)
 k - a +0 pair of gloves (worn)
Jewellery
 n - a ring of fire (left hand)
Scrolls
 d - a scroll of remove curse {unknown}
 f - a scroll of magic mapping {unknown}
 g - 4 scrolls of fog
 l - 3 scrolls of identify
Potions
 e - 3 potions of attraction


   Skills:
 + Level 3.7 Fighting
 + Level 4.2 Maces & Flails
 + Level 4.2 Armour
 + Level 1.4 Dodging
 + Level 4.4 Shields


You had 6 spell levels left.
You didn't know any spells.
Your spell library contained the following spells:

 Spells                   Type           Power        Failure   Level
 Magic Dart               Conj           0%           99%         1
 Blink                    Tloc           N/A          100%        2
 Call Imp                 Summ           0%           100%        2
 Slow                     Hex            0%           100%        2
 Conjure Flame            Conj/Fire      0%           100%        3
 Mephitic Cloud           Conj/Pois/Air  0%           100%        3


Dungeon Overview and Level Annotations

Branches:
Dungeon (4/15)
 Temple: D:4-7

Altars:
Ashenzari
Cheibriados
Dithmenos
Elyvilon
Hepliaklqana
Kikubaaqudgha
Ru
Sif Muna

Annotations:
D:3 2 runed translucent doors, nothank2's ghost, amateur DsAK
D:4 Pikel


Message History

The lemure hits you.
* * * LOW HITPOINT WARNING * * *
You thump the lemure!
You kill the lemure!
That felt strangely unrewarding.
An orc comes into view. It is wielding a +0 trident.
The orc shouts!
The orc throws a boomerang.
The boomerang hits you but does no damage.
The weapon returns to the orc!
There is an open door here.
The orc throws a boomerang.
You block the boomerang.
The weapon returns to the orc!
It was a potion of magic.
Magic courses through your body.
The orc throws a boomerang.
The boomerang hits you.
* * * LOW HITPOINT WARNING * * *
The orc throws a boomerang.
You block the boomerang.
The weapon returns to the orc!
The orc throws a boomerang.
The boomerang hits you.
You die...

≈ ≈≈ ≈.> ≈≈⌠_≈
######### .≈≈≈≈≈
#.......#######..≈≈≈≈≈
#.......'.............
#....@..###.#########.
#o...$..# #.# #.
#.......# #.# #.
#.......# #.#########.
#.......# #...........
#.......# ######......
#############+##
##....# #>.....#
#....# ##......#
#....#


You could see an orc.

Vanquished Creatures
  Grinder (D:3)
  2 lemures (D:4)
  3 gnolls (D:3)
  4 adders
  2 worms (D:2)
  3 leopard geckos
  3 orcs (D:3)
  4 ball pythons
  14 bats
  6 giant cockroaches
  9 goblins
  7 hobgoblins
  4 jackals (D:1)
  A quokka (D:3)
  4 frilled lizards
  11 kobolds
  13 rats
91 creatures vanquished.

Vanquished Creatures (others)
  5 plants (D:4)
5 creatures vanquished.

Grand Total: 96 creatures vanquished

Notes
Turn   | Place    | Note
-------+----------+-------------------------------------------
     0 | D:1      | bigdumb the Human Fighter began the quest for the Orb.
     0 | D:1      | Reached XP level 1. HP: 18/18 MP: 1/1
   354 | D:1      | Reached XP level 2. HP: 14/24 MP: 2/2
   587 | D:1      | You fall into a shaft and drop 1 floor!
   881 | D:2      | Reached XP level 3. HP: 29/29 MP: 3/3
  1192 | D:2      | Reached XP level 4. HP: 35/35 MP: 4/4
  1260 | D:2      | Found an ancient bone altar of Kikubaaqudgha.
  1260 | D:2      | Found a broken altar of Ashenzari.
  1269 | D:2      | Found a sacrificial altar of Ru.
  1271 | D:2      | Found a white marble altar of Elyvilon.
  1273 | D:2      | Found a hazy altar of Hepliaklqana.
  1369 | D:2      | Found a shimmering blue altar of Sif Muna.
  1631 | D:1      | You fall into a shaft and drop 1 floor!
  2288 | D:3      | Reached XP level 5. HP: 21/41 MP: 5/5
  2750 | D:3      | Found a shadowy altar of Dithmenos.
  3028 | D:3      | Noticed Grinder
  3057 | D:3      | Killed Grinder
  3058 | D:3      | Reached skill level 1 in Dodging
  3058 | D:3      | Reached XP level 6. HP: 12/48 MP: 6/6
  3876 | D:3      | Reached XP level 7. HP: 53/53 MP: 7/7
  3960 | D:3      | Found a large runed translucent door.
  3960 | D:3      | Found a large runed translucent door.
  3965 | D:3      | Noticed nothank2's ghost (amateur DsAK)
  4534 | D:4      | Found a snail-covered altar of Cheibriados.
  4535 | D:4      | Noticed Pikel
  4588 | D:4      | Hit by a boomerang thrown by an orc

Illustrated notes

Levels and vault maps discovered:
D:1:      dpeg_arrival_simpleton_c, layout_basic, minmay_3d_cube
D:2:      layout_rooms, chequers_temple_overflow_minitemple, led_sif_pool
D:3:      layout_loops_corners, grunt_dithmenos_smoke_and_mirrors,
          ebering_ghost_disaster_area, hangedman_decor_lopped, uniq_grinder
D:4:      layout_basic, general_overflow_altar, guppyfry_early_lair_pool,
          uniq_pikel, uniq_robin

Skill      XL: |  1  2  3  4  5 |
---------------+----------------+-----
Maces & Flails | 3 4 |  4.2
Armour         | 4 |  4.2
Dodging        | 1 |  1.4
Shields        | 4 |  4.4
Fighting       | |  3.7

Action                   |  1- 3 |  4- 6 |  7- 9 || total
-------------------------+-------+-------+-------++-------
Melee: Flail             |    79 |   235 |    32 ||   346
  Use: Scroll            |       |     5 |     1 ||     6
       Potion            |       |     3 |     1 ||     4
Armor: Scale mail        |    43 |   114 |     6 ||   163
Dodge: Dodged            |    17 |    86 |     4 ||   107
Block: Kite shield       |    32 |   129 |    20 ||   181
